 Dungeon Crawl Stone Soup version 0.32-a0-834-geaf45d8e21 (webtiles) character file.

Game seed: 9316276473872315560

4087 Griffin23 the Carver (level 10, -2/90 HPs)
             Began as a Minotaur Fighter on Mar 26, 2024.
             Was an Initiate of Gozag.
             Slain by a two-headed ogre
             ... wielding a +0 giant club
              (32 damage)
             ... on level 9 of the Dungeon.
             The game lasted 00:13:10 (9121 turns).

Griffin23 the Carver (Minotaur Fighter)             Turns: 9121, Time: 00:13:10

Health: -2/90      AC:  4    Str: 24    XL:     10   Next: 5%
Magic:  9/9        EV:  8    Int:  5    God:    Gozag
Gold:   227        SH:  5    Dex: 11    Spells: 9/9 levels left

rFire   . . .        a - +1 long sword
rCold   . . .        c - +0 buckler
rNeg    . . .        b - +0 scale mail
rPois   .            (helmet restricted)
rElec   .            (no cloak)
rCorr   .            (no gloves)
SInv    .            (no boots)
Will    .....        q - amulet of the acrobat Stlth
                     (no ring)
HPRegen 0.35/turn    (no ring)
MPRegen 0.11/turn

%: acrobat
@: corroded, gold aura
A: horns 2, retaliatory headbutt
a: Renounce Religion, Potion Petition, Call Merchant, Bribe Branch


You were on level 9 of the Dungeon.
You worshipped Gozag.
Gozag was aware of your devotion.
You visited 1 branch of the dungeon, and saw 9 of its levels.
You also visited: Ossuary.

You collected 1326 gold pieces.
You spent 120 gold pieces at shops.
You paid 979 gold pieces to Gozag.

Inventory:

Hand Weapons
 a - a +1 long sword (weapon)
Armour
 b - a +0 scale mail (worn)
 c - a +0 buckler (worn)
Jewellery
 q - an amulet of the acrobat (around neck)
 r - a ring of resist corrosion
Wands
 k - a wand of mindburst (18)
 v - a wand of roots (8)
Scrolls
 d - 2 scrolls of torment
 e - a scroll of revelation
 f - a scroll of brand weapon {unknown}
 g - a scroll of blinking
 h - a scroll of silence {unknown}
 l - 3 scrolls of immolation {unknown}
 n - 3 scrolls of teleportation
 p - a scroll of poison {unknown}
 u - a scroll of fear
 w - a scroll of identify
 x - 2 scrolls of vulnerability {unknown}
 y - a scroll of noise
Potions
 i - a potion of ambrosia {unknown}
 m - a potion of brilliance {unknown}
 o - a potion of resistance {unknown}
 t - a potion of attraction {unknown}
 z - 2 potions of might
 A - 2 potions of degeneration
 B - a potion of mutation {unknown}


   Skills:
 + Level 8.7 Fighting
 * Level 11.2 Long Blades
 + Level 8.6 Armour
 + Level 8.6 Shields


You had 9 spell levels left.
You didn't know any spells.
Your spell library was empty.

Dungeon Overview and Level Annotations

Branches:
Dungeon (9/15)             Temple (0/1) D:6         Ossuary (visited)
   Lair: D:8-11         Orc: D:9-12

Altars:
Dithmenos
Gozag
Kikubaaqudgha
Qazlal
Ru
Trog
Wu Jian
Yredelemnul

Shops:
D:6 !


Innate Abilities, Weirdness & Mutations

You have a pair of horns on your head.
You reflexively headbutt those who attack you in melee.


Message History

The lava snake spits lava at you. You block the glob of lava.
The orc wizard casts a spell.
The orc wizard flickers and vanishes!
You block the jelly's attack.
You slash the jelly!
Your hands burn!
The jelly is heavily wounded.
The orc closely misses you. The jelly hits you. The acid corrodes you!
You are splashed with acid!
You slash the jelly!
You kill the jelly!
The orc hits you with a +0 dagger.
You slash the two-headed ogre! You headbutt the two-headed ogre.
The two-headed ogre is moderately wounded.
The two-headed ogre barely misses you.
The two-headed ogre hits you with a +0 giant club!!
You hit the two-headed ogre. You headbutt the two-headed ogre.
The two-headed ogre is moderately wounded.
You hit the two-headed ogre. You headbutt the two-headed ogre!
The two-headed ogre is heavily wounded.
The orc hits you with a +0 dagger. Something hits you but does no damage.
The two-headed ogre hits you with a +0 giant club!
You block the two-headed ogre's attack. The lava snake spits lava at you.
The glob of lava misses you. The orc attacks as it pursues you!
The orc misses you.
There is a stone staircase leading down here.
You block the two-headed ogre's attack.
The two-headed ogre hits you with a +0 giant club!
You climb downwards.
Reactivating autopickup.
There is a stone staircase leading up here.
You are too injured to fight recklessly!
You are too injured to fight recklessly!
You are too injured to fight recklessly!
You hit the orc. Your headbutt misses the orc.
The orc is lightly wounded.
The orc hits you but does no damage.
The two-headed ogre hits you with a +0 giant club!!
You die...
Your body crumbles into a pile of gold.

#...#
#...#
#...#
#...#
#...#
#...#
#...#
#.@o#
#..O#
#.....
#......#
#......#
#........
#.........
..........


You could see a two-headed ogre and an orc.

Vanquished Creatures
  An ugly thing (D:7)
  Maggie (D:8)
  A hornet (D:7)
  Grinder (D:6)
  2 yaks (D:8)
  Menkaure (D:5)
  Duvessa (D:5)
  A water moccasin (D:6)
  An ice beast (D:7)
  An orc warrior (D:7)
  4 black bears
  3 centaurs
  2 elf zombies (Ossuary)
  A gnoll sergeant (D:5)
  3 bullfrogs
  4 scorpions
  3 wights (D:8)
  Dowan (D:5)
  A howler monkey (D:7)
  2 bombardier beetles (D:5)
  A hound (D:7)
  2 orc priests
  A jelly (D:8)
  An iguana (D:6)
  A gnoll bouda (D:6)
  A sleepcap (D:7)
  2 orc wizards (D:5)
  4 hound zombies (Ossuary)
  3 mummies
  Robin (D:2)
  16 gnolls
  6 adders
  A shadow imp (D:6)
  4 ufetubi (D:7)
  6 adder zombies (Ossuary)
  5 dart slugs
  A ribbon worm (D:3)
  11 orcs
  9 bats
  6 endoplasms
  8 giant cockroaches
  7 gnoll zombies (Ossuary)
  16 goblins
  8 hobgoblins
  4 jackals (D:1)
  5 kobolds
  5 quokkas
  7 ball pythons
  2 frilled lizards (D:1)
  A hobgoblin zombie (D:6)
  9 jackal zombies (Ossuary)
  4 kobold zombies (Ossuary)
  6 orc zombies
  6 rats
205 creatures vanquished.

Vanquished Creatures (others)
  An adder (D:6)
1 creature vanquished.

Grand Total: 206 creatures vanquished

Notes
Turn   | Place    | Note
-------+----------+-------------------------------------------
     0 | D:1      | Griffin23 the Minotaur Fighter began the quest for the Orb.
     0 | D:1      | Reached XP level 1. HP: 19/19 MP: 0/0
   131 | D:1      | Reached XP level 2. HP: 27/27 MP: 1/1
   382 | D:1      | Reached skill level 3 in Long Blades
   713 | D:1      | Reached XP level 3. HP: 31/33 MP: 2/2
  1167 | D:2      | Found a faded altar of an unknown god.
  1186 | D:2      | Prayed at the altar of an unknown god.
  1186 | D:2      | Became a worshipper of Gozag Ym Sagoz the Greedy
  1604 | D:2      | Noticed Robin
  1606 | D:2      | Reached XP level 4. HP: 37/40 MP: 3/3
  1624 | D:2      | Killed Robin
  1682 | D:2      | Reached skill level 4 in Long Blades
  2158 | D:3      | Reached XP level 5. HP: 14/44 MP: 4/4
  2165 | D:3      | You fall into a shaft and drop 1 floor!
  2596 | D:3      | Found an opulent altar of Gozag.
  2708 | D:3      | Found an ancient bone altar of Kikubaaqudgha.
  3173 | D:4      | Reached skill level 5 in Long Blades
  3173 | D:4      | Reached XP level 6. HP: 46/55 MP: 5/5
  3285 | D:4      | Reached skill level 5 in Fighting
  3285 | D:4      | Reached skill level 5 in Armour
  3285 | D:4      | Reached skill level 5 in Shields
  3751 | D:5      | Entered Level 5 of the Dungeon
  3776 | D:5      | Reached skill level 6 in Long Blades
  3776 | D:5      | Reached XP level 7. HP: 44/61 MP: 6/6
  4213 | D:5      | Reached skill level 7 in Long Blades
  4254 | D:5      | Noticed Duvessa
  4254 | D:5      | Noticed Dowan
  4271 | D:5      | Killed Dowan
  4280 | D:5      | Killed Duvessa
  4428 | D:5      | Reached XP level 8. HP: 70/70 MP: 7/7
  4473 | D:5      | Noticed Menkaure
  4482 | D:5      | Killed Menkaure
  4983 | D:6      | Found a sacrificial altar of Ru.
  4996 | D:6      | Noticed Grinder
  5009 | D:6      | Killed Grinder
  5010 | D:6      | Reached skill level 8 in Long Blades
  5074 | D:6      | Found Lisietaz's Distillery.
  5084 | D:6      | Bought a potion of heal wounds for 60 gold pieces
  5084 | D:6      | Bought a potion of heal wounds for 60 gold pieces
  5364 | D:6      | Found a staircase to the Ecumenical Temple.
  5377 | D:6      | Found a basalt altar of Yredelemnul.
  5377 | D:6      | Found a shadowy altar of Dithmenos.
  5440 | D:6      | Found a sand-covered staircase.
  5450 | Ossuary  | Entered an ossuary
  5508 | Ossuary  | Reached skill level 9 in Long Blades
  5702 | Ossuary  | Reached XP level 9. HP: 50/79 MP: 8/8
  6247 | D:6      | Found a stormy altar of Qazlal.
  6780 | D:7      | HP: 5/118 [orc warrior/+0 glaive (15)]
  7283 | D:7      | Reached skill level 10 in Long Blades
  7402 | D:7      | Paralysed by a hornet for 3 turns
  7893 | D:7      | Noticed a purple ugly thing
  7911 | D:7      | Killed a purple ugly thing
  8080 | D:7      | Found a bloodstained altar of Trog.
  8302 | D:8      | Noticed Maggie
  8320 | D:8      | Killed Maggie
  8321 | D:8      | Reached skill level 11 in Long Blades
  8710 | D:8      | Reached XP level 10. HP: 33/90 MP: 9/9
  8725 | D:8      | Found an ornate altar of the Wu Jian Council.
  9109 | D:8      | Noticed a two-headed ogre
  9121 | D:9      | Slain by a two-headed ogre

Illustrated notes

Levels and vault maps discovered:
D:1:      lemuel_arrival_funnel, layout_basic
D:2:      layout_basic, basic_ecumenical_altar, uniq_robin
D:3:      layout_basic, lemuel_crystal_altar,
          mainiacjoe_overflow_small_starburst, minivault_23,
          kennysheep_generic_room_10
D:4:      layout_basic, hangedman_abyss_or_decor_slice
D:5:      layout_loops_ring, due_unseen_surprise, uniq_duvessa, uniq_menkaure
D:6:      layout_basic, mainiacjoe_overflow_six_doors_small,
          grunt_qazlal_clouds, gammafunk_temple_overflow_pools,
          minmay_temple_entry_butterflies, nicolae_ossuary_entry_giza,
          serial_shops, nicolae_shop_rolling_square, kb_lookout_dungeons_type,
          uniq_grinder
D:7:      layout_basic, kennysheep_mini_moat
D:8:      layout_basic, mainiacjoe_overflow_catwalk, grunt_decor_junction,
          minmay_misc_feat_five, uniq_maggie
D:9:      layout_irregular_city, elyvilon_altar_3, minmay_lair_entry_grove,
          roderic_lattice_a, hellmonk_guarded_unrand_zhor

Skill      XL: |  1  2  3  4  5  6  7  8  9 |
---------------+----------------------------+-----
Long Blades    | 3 4 5 6 7 9 11 | 11.2
Shields        | 4 5 6 7 8 |  8.6
Fighting       | 4 5 6 7 8 |  8.7
Armour         | 4 5 6 7 8 |  8.6

Action                     |  1- 3 |  4- 6 |  7- 9 | 10-12 || total
---------------------------+-------+-------+-------+-------++-------
  Melee: Long sword        |   113 |   115 |   424 |    19 ||   671
         Headbutt          |    16 |    20 |    97 |     8 ||   141
  Throw: Throwing net      |       |       |     1 |       ||     1
 Invoke: Potion Petition   |       |       |     3 |       ||     3
    Use: Potion            |       |     1 |     3 |     3 ||     7
         Scroll            |       |       |     9 |     2 ||    11
   Stab: Distracted        |       |       |     1 |       ||     1
         Held in net/web   |       |       |     1 |       ||     1
 Armour: Scale mail        |    87 |   107 |   273 |    21 ||   488
         Skin              |       |       |    15 |       ||    15
  Dodge: Dodged            |    49 |    72 |   193 |    11 ||   325
  Block: Buckler           |    22 |    27 |   106 |    13 ||   168

Table legend: (Time is in decaauts)
 A = Elapsed time spent in this place.
 B = Non-inter-level travel time spent in this place.
 C = Inter-level travel time spent in this place.
 D = Time resting spent in this place.
 E = Time spent auto-exploring this place.
 F = Levels seen in this place.
 G = Mean time per level.
                   A        B        C        D        E       F      G
               +--------+--------+--------+--------+--------+-----+--------+
         Total |   9176 |   8997 |    179 |   1838 |   5769 |  10 |  917.6 |
       Dungeon |   8748 |   8569 |    179 |   1835 |   5549 |   9 |  972.0 |
       Ossuary |    428 |    428 |      0 |      3 |    220 |   1 |  428.0 |
               +--------+--------+--------+--------+--------+-----+--------+

Top non-repeatable levels by time:
     D:7: 1555 daAuts
     D:6: 1353 daAuts
     D:5: 1210 daAuts
     D:2: 1035 daAuts
     D:1: 1022 daAuts
     D:4: 946 daAuts
     D:3: 801 daAuts
     D:8: 481 daAuts
 Ossuary: 428 daAuts
     D:9: 342 daAuts
